 Dungeon Crawl Stone Soup version 0.28.0 (webtiles) character file.

Game seed: 15930142756001910883

1368 danielguo94 the Protected (level 8, 0/51 HPs)
             Began as a Gargoyle Fighter on Feb 9, 2022.
             Was a Follower of the Shining One.
             Slain by a gnoll sergeant (10 damage)
             ... on level 8 of the Dungeon.
             The game lasted 00:05:52 (5031 turns).

danielguo94 the Protected (Gargoyle Fighter)        Turns: 5031, Time: 00:05:53

Health: 0/51       AC: 13    Str: 31    XL:     8   Next: 65%
Magic:  8/8        EV: 10    Int:  9    God:    the Shining One [*.....]
Gold:   235        SH:  4    Dex:  9    Spells: 7/7 levels left

rFire   + . .      SeeInvis .   q - +12 spear of Dishonesty {venom, *Slow rC+++ Str+9}
rCold   + + +      Faith    .   c - +0 buckler
rNeg    + . .      Spirit   .   b - +0 scale mail
rPois   ∞          Reflect  .   (no helmet)
rElec   +          Harm     .   (no cloak)
rCorr   .          Rampage  .   (no gloves)
Will    .....                   (no boots)
Stlth   ..........              (no amulet)
HPRegen 0.17/turn               C - ring of protection from fire
MPRegen 0.11/turn               (no ring)

@: glowing
A: sickness immunity, AC +5, negative energy resistance 1, electricity
resistance, torment resistance 1, petrification resistance
a: Renounce Religion, Divine Shield


You were on level 8 of the Dungeon.
You worshipped the Shining One.
The Shining One was aware of your devotion.
You visited 2 branches of the dungeon, and saw 9 of its levels.

You collected 235 gold pieces.

Inventory:

Hand Weapons
 a - a +0 flail
 q - the +12 spear of Dishonesty (weapon) {venom, *Slow rC+++ Str+9}
   (You found it on level 2 of the Dungeon)

   It poisons the flesh of those it strikes.
   Str:       It affects your strength (+9).
   rC:        It renders you almost immune to cold.
   *Slow:     It may slow you when you take damage.
Missiles
 f - 18 poisoned darts (quivered)
 k - 144 stones
 v - 6 javelins
Armour
 b - a +0 scale mail (worn)
 c - a +0 buckler (worn)
Jewellery
 u - a ring of ice
 C - a ring of protection from fire (left hand)
Wands
 r - a wand of digging (7)
 A - a wand of iceblast (9)
Scrolls
 e - 2 scrolls of enchant armour
 g - a scroll of brand weapon {unknown}
 h - a scroll of fear {unknown}
 i - a scroll of amnesia {unknown}
 l - 2 scrolls of fog
 n - 3 scrolls of immolation
 o - a scroll of noise {unknown}
 s - 3 scrolls of teleportation
 t - a scroll of enchant weapon {unknown}
 x - a scroll of blinking {unknown}
 y - a scroll of magic mapping {unknown}
Potions
 d - a potion of might
 j - a potion of attraction {unknown}
 m - a potion of heal wounds {unknown}
 p - a potion of magic {unknown}
 z - 2 potions of curing {unknown}
 B - a potion of degeneration {unknown}


   Skills:
 + Level 5.9 Fighting
 * Level 5.7 Maces & Flails
 + Level 0.2 Throwing
 + Level 8.0 Armour
 + Level 1.7 Dodging
 + Level 4.1 Shields


You had 7 spell levels left.
You didn't know any spells.
Your spell library contained the following spells:

 Spells                   Type           Power      Damage    Failure   Level
 Sandblast                Erth           0%         2d4       69%         1
 Passwall                 Tmut/Erth      0%         N/A       83%         2
 Static Discharge         Conj/Air       0%         N/A       83%         2
 Gell's Gravitas          Tloc           0%         N/A       96%         3
 Lesser Beckoning         Tloc           0%         N/A       96%         3
 Stone Arrow              Conj/Erth      0%         3d7       96%         3
 Teleport Other           Tloc           0%         N/A       96%         3
 Tukima's Dance           Hex            0%         N/A       96%         3
 Anguish                  Hex/Necr       0%         N/A       100%        4
 Petrify                  Tmut/Erth      0%         N/A       100%        4
 Irradiate                Conj/Tmut      0%         3d13      100%        5
 Lightning Bolt           Conj/Air       0%         1d11      100%        5
 Enfeeble                 Hex            0%         N/A       100%        7
 Maxwell's Capacitive Co  Air            0%         ∞         100%        8
 Sublimation of Blood     Necr           Unusable   N/A       N/A         2

Dungeon Overview and Level Annotations

Branches:
Dungeon (9/15)             Temple (1/1) D:4
   Lair: D:8-11         Orc: D:9-12

Altars:
Ashenzari
Cheibriados
Dithmenos
Elyvilon
Fedhas
Gozag
Kikubaaqudgha
Ru
Sif Muna
Trog
Uskayaw
Vehumet
Wu Jian
Xom
Yredelemnul
The Shining One

Annotations:
D:4 3 runed translucent doors, Kazon's ghost, novice VSFi
D:6 1 runed translucent door, zazu2006's ghost, novice NaWz


Innate Abilities, Weirdness & Mutations

You are immune to sickness and miasma.
Your stone body is resilient. (AC +5)
You are immune to poison.
You resist negative energy. (rN+)
You are resistant to electric shocks. (rElec)
You are resistant to unholy torment.
You are immune to petrification.


Message History

You kill the gnoll!
A wight comes into view. It is wielding a +0 dagger.
You puncture the gnoll!
The gnoll looks as sick as possible!
The gnoll is almost dead.
You kill the gnoll!
You reach to attack!
You hit the gnoll sergeant.
The gnoll sergeant is poisoned.
The gnoll sergeant is lightly wounded.
The gnoll sergeant hits you from afar with a +0 spear.
You reach to attack!
You barely miss the gnoll sergeant.
The gnoll sergeant is lightly wounded.
The gnoll sergeant hits you from afar with a +0 spear.
You hit the wight.
The wight is moderately damaged.
The gnoll sergeant barely misses you. The wight misses you.
The gnoll sergeant hits you from afar with a +0 spear.
You are too injured to fight recklessly!
You are too injured to fight recklessly!
You are too injured to fight recklessly!
You are too injured to fight recklessly!
You puncture the wight!
The wight is almost destroyed.
The wight hits you but does no damage.
A gnoll shaman comes into view. It is wielding a +0 whip.
The gnoll sergeant hits you from afar with a +0 spear!
* * * LOW HITPOINT WARNING * * *
You barely miss the wight.
The wight is almost destroyed.
The gnoll shaman shouts!
The wight hits you with a +0 dagger.
* * * LOW HITPOINT WARNING * * *
The gnoll shaman calls upon its god to speed up the gnoll sergeant.
The gnoll sergeant seems to speed up.
The gnoll sergeant barely misses you. The wight barely misses you.
You puncture the wight!
You destroy the wight!
The Shining One accepts your kill.
The gnoll sergeant completely misses you.
The gnoll sergeant hits you from afar with a +0 spear!
You die...

#.. #..##
#..g## #..).#
#...# #...#
##.g# ##)# #@##
#..# ##.# #.#
#.#
######.#####
#..........##
#............##
..........(...#


You could see a gnoll sergeant (fast, poisoned) and a gnoll shaman.

Vanquished Creatures
  A water moccasin (D:6)
  An orc warrior (D:6)
  A black bear (D:5)
  A necrophage (D:8)
  2 ogres (D:5)
  A centaur (D:5)
  A phantom (D:6)
  Blork the orc (D:5)
  A wight (D:8)
  An electric eel (D:9)
  A bullfrog zombie (D:5)
  A bullfrog skeleton (D:5)
  3 orc priests
  2 hounds
  An orc wizard (D:5)
  A scorpion zombie (D:5)
  2 hound skeletons (D:4)
  A howler monkey zombie (D:5)
  9 gnolls
  7 adders
  An ufetubus (D:5)
  2 worms (D:3)
  3 dart slugs
  11 orcs
  6 endoplasms
  5 giant cockroaches
  12 hobgoblins
  14 jackals
  6 kobolds
  4 quokkas
  6 ball pythons
  3 bats
  5 frilled lizards
  4 goblins
  2 rats
123 creatures vanquished.

Vanquished Creatures (others)
  3 fungi (D:4)
  A plant (D:4)
4 creatures vanquished.

Grand Total: 127 creatures vanquished

Notes
Turn   | Place    | Note
-------+----------+-------------------------------------------
     0 | D:1      | danielguo94 the Gargoyle Fighter began the quest for the
                  | Orb.
     0 | D:1      | Reached XP level 1. HP: 14/14 MP: 1/1
   298 | D:1      | Reached XP level 2. HP: 19/19 MP: 2/2
   541 | D:1      | Reached XP level 3. HP: 21/24 MP: 3/3
  1382 | D:2      | Reached XP level 4. HP: 21/29 MP: 4/4
  1912 | D:2      | Identified the +12 spear of Dishonesty {venom, *Slow rC+++
                  | Str+9}
  2029 | D:2      | Reached XP level 5. HP: 32/33 MP: 5/5
  2381 | D:3      | Reached skill level 1 in Dodging
  2409 | D:3      | Reached skill level 4 in Armour
  2925 | D:4      | Reached XP level 6. HP: 38/38 MP: 6/6
  3520 | D:4      | Found a runed translucent gate.
  3520 | D:4      | Found a runed translucent gate.
  3520 | D:4      | Found a runed translucent gate.
  3522 | D:4      | Noticed Kazon's ghost (novice VSFi)
  3560 | D:4      | Found a staircase to the Ecumenical Temple.
  3638 | Temple   | Entered the Ecumenical Temple
  3747 | Temple   | Became a worshipper of the Shining One
  3827 | D:5      | Entered Level 5 of the Dungeon
  3837 | D:5      | Reached skill level 5 in Maces & Flails
  3837 | D:5      | Reached skill level 5 in Armour
  3837 | D:5      | Reached XP level 7. HP: 28/44 MP: 7/7
  3861 | D:5      | Noticed Blork the orc
  3866 | D:5      | Killed Blork the orc
  3867 | D:5      | Reached skill level 5 in Fighting
  4078 | D:5      | Reached skill level 6 in Armour
  4665 | D:5      | Reached XP level 8. HP: 34/49 MP: 8/8
  4810 | D:5      | Reached skill level 7 in Armour
  4912 | D:6      | Noticed zazu2006's ghost (novice NaWz)
  4915 | D:6      | Found a runed translucent door.
  4959 | D:6      | You fall into a shaft and drop 3 floors!
  4999 | D:8      | Reached * piety under the Shining One
  5004 | D:8      | Reached skill level 8 in Armour
  5031 | D:8      | Slain by a gnoll sergeant

Illustrated notes

Levels and vault maps discovered:
D:1:      amcnicky_arrival_gap_in_the_tavern_cellar, layout_basic,
          hangedman_abyss_or_decor_lesser_grid, minmay_tetromino_i4
D:2:      layout_loops_cross
D:3:      layout_basic, kennysheep_cross_room, hangedman_decor_diamond_cutter
D:4:      layout_gridville, minmay_temple_entry_nine_rooms,
          gammafunk_ghost_nasty_kobolds
D:5:      layout_loops_cross, uniq_blork_the_orc
D:6:      layout_gridville, zin_academy, nicolae_overflow_hidden_temple,
          cheibrodos_sewer_entry_bend, hellmonk_ghost_happy_afterlife
D:8:      layout_rooms, amcnicky_mini_pool_medium, uniq_psyche, uniq_erica,
          uniq_maurice
D:9:      layout_roguey, water_maze_lemuel, uniq_grum
Temple:   mainiacjoe_temple_bowtie_tessellation

Skill      XL: |  1  2  3  4  5  6  7  8 |
---------------+-------------------------+-----
Maces & Flails | 3 4 5 |  5.7
Fighting       | 4 5 |  5.9
Dodging        | 1 |  1.7
Armour         | 4 5 6 8 |  8.0
Shields        | 4 |  4.1
Throwing       | |  0.2

Action                   |  1- 3 |  4- 6 |  7- 9 || total
-------------------------+-------+-------+-------++-------
Melee: Flail             |   116 |    41 |       ||   157
       Spear             |       |    95 |    85 ||   180
Throw: Dart              |     1 |     2 |       ||     3
  Use: Scroll            |       |     2 |     3 ||     5
Armor: Scale mail        |    46 |    56 |    22 ||   124
Dodge: Dodged            |    64 |    45 |    25 ||   134
Block: Buckler           |    28 |    14 |     9 ||    51
